 Dungeon Crawl Stone Soup version 0.31-a0-654-gbe3e110b4e (webtiles) character file.

Game seed: 10575029735502979103

66 subawu the Chiller (level 4, 0/27 HPs)
             Began as a Merfolk Ice Elementalist on Aug 29, 2023.
             Was a Believer of Hepliaklqana.
             Killed by divine providence
             ... invoked by an orc priest
              (17 damage)
             ... on level 3 of the Dungeon.
             The game lasted 00:12:56 (2568 turns).

subawu the Chiller (Merfolk Ice Elementalist)       Turns: 2568, Time: 00:12:57

Health: 0/27       AC:  5    Str: 10    XL:     4   Next: 15%
Magic:  2/7        EV: 11    Int: 14    God:    Hepliaklqana [**....]
Gold:   164        SH:  0    Dex: 14    Spells: 4/8 levels left

rFire   . . .        t - +0 falchion (freeze)
rCold   . . .        (no shield)
rNeg    . . .        p - +0 ring mail
rPois   .            (no helmet)
rElec   .            (no cloak)
rCorr   .            (no gloves)
SInv    .            (no boots)
Will    .....        o - amulet of faith
Stlth   ++           (no ring)
HPRegen 0.24/turn    (no ring)
MPRegen 0.10/turn

%: faith
@: no status effects
A: reduced essence, (nimble swimmer 2), mertail
a: Renounce Religion, Ancestor Life: Knight, Ancestor Life: Battlemage, Ancestor
Life: Hexer, Recall Ancestor, Ancestor Identity


You were on level 3 of the Dungeon.
You worshipped Hepliaklqana.
Hepliaklqana was pleased with you.
You visited 1 branch of the dungeon, and saw 3 of its levels.

You collected 164 gold pieces.

Inventory:

Hand Weapons
 d - a +0 whip
 k - a +0 dagger
 m - a +0 spear
 t - a +0 falchion of freezing (weapon)
Missiles
 e - 35 stones
 f - 3 silver javelins (quivered)
Armour
 a - a +0 robe
 p - a +0 ring mail (worn)
Jewellery
 o - an amulet of faith (around neck)
 s - a +4 ring of protection
Scrolls
 g - a scroll of teleportation
 j - a scroll of revelation {unknown}
 l - 2 scrolls of identify {unknown}
 n - a scroll of summoning {unknown}
 r - a scroll of fog {unknown}
Potions
 b - 2 potions of magic
 c - 5 potions of curing {unknown}
 h - a potion of heal wounds {unknown}
 i - a potion of mutation {unknown}
 q - a potion of enlightenment {unknown}
 u - a potion of resistance {unknown}


   Skills:
 + Level 3.6 Dodging
 + Level 3.1 Stealth
 + Level 2.6 Spellcasting
 + Level 4.9 Ice Magic


You had 4 spell levels left.
You knew the following spells:

 Your Spells              Type           Power      Damage    Failure   Level
a - Freeze                Ice            60%        1d7       8%          1
b - Frozen Ramparts       Ice            30%        1d5       24%         3

Your spell library contained the following spells:

 Spells                   Type           Power      Damage    Failure   Level
 Ozocubu's Armour         Ice            15%        N/A       24%         3
 Volatile Blastmotes      Fire/Tloc      2%         2d10      87%         3
 Summon Ice Beast         Ice/Summ       8%         N/A       91%         4
 Fulminant Prism          Conj/Hex       0%         3d5       99%         4
 Iskenderun's Mystic Bla  Conj/Tloc      1%         2d3       99%         4


Dungeon Overview and Level Annotations

Branches:
Dungeon (3/15)

Altars:
Hepliaklqana


Innate Abilities, Weirdness & Mutations

Your life essence is reduced to manifest your ancestor. (-10% HP)
((You are very nimble when in or above water. (Stealth+, EV+, Speed+++)))
Your lower body shifts to a powerful aquatic tail in water.


Message History

Things that are here:
a +0 hand axe; a +0 leather armour; an orc corpse
Casting: Freeze (safe; 8% risk of failure)
Confirm with . or Enter, or press ? or * to list all spells.
You can't see any susceptible monsters within range! (Use Z to cast anyway.)
The orc hits you but does no damage.
The orc priest miscasts a cantrip.
Muriel hits the orc priest but does no damage.
Casting: Freeze (safe; 8% risk of failure)
Confirm with . or Enter, or press ? or * to list all spells.
Aiming: Freeze (safe; 8% risk of failure)
Press: ? - help, Shift-Dir - straight line, f - orc
Aim: an orc, wielding a +2 flail of protection and wearing a +0 ring mail You freeze the orc.
The orc is lightly wounded.
The orc closely misses you. The orc priest completely misses you.
Muriel misses the orc priest.
You hit the orc. You freeze the orc.
The orc is heavily wounded.
The orc hits you with a +2 flail of protection.
The orc priest looks satisfied for a moment.
Muriel hits the orc priest but does no damage.
Casting: Freeze (safe; 8% risk of failure)
Confirm with . or Enter, or press ? or * to list all spells.
Aiming: Freeze (safe; 8% risk of failure)
Press: ? - help, Shift-Dir - straight line, f/p - orc
Aim: an orc, wielding a +2 flail of protection and wearing a +0 ring mail (heavily wounded)
You freeze the orc!
You kill the orc!
The orc priest hits you but does no damage.
Muriel barely misses the orc priest.
The orc priest miscasts a cantrip.
Muriel hits the orc priest.
The orc priest hits Muriel with a +0 club!
Muriel closely misses the orc priest.
You swap places.
The orc priest invokes the aid of Beogh against you.
Beogh smites you!
Ouch! That really hurt!
You die...

....# ##.# ##...## #
###.# #..# ######'## #
#.# #... ...##.# # #.#
#..#########..#.# #
###.#
#.........###.#.##
.##.#
#...8...8..##..>.##
.##.#
#..........$#.....##
....#
#..))...)..⌠#......#
.####
#...).R@o..$#...##.###
.#
##..8...8..##..........
.#
#........###...##.####
## #.#########....# #
#...........#.....#
##############.#### #.#
#.# .#


You could see the friendly Muriel the ancestor and an orc priest (ally target).

Vanquished Creatures
  An adder (D:2)
  3 dart slugs
  4 orcs (D:3)
  6 ball pythons
  5 bats
  4 endoplasms (D:1)
  2 giant cockroaches (D:1)
  5 hobgoblins
  A jackal (D:2)
  3 quokkas
  A frilled lizard (D:2)
  3 kobolds
  2 rats (D:1)
40 creatures vanquished.

Vanquished Creatures (collateral kills)
  An orc (D:3)
  A jackal (D:2)
2 creatures vanquished.

Grand Total: 42 creatures vanquished

Notes
Turn   | Place    | Note
-------+----------+-------------------------------------------
     0 | D:1      | subawu the Merfolk Ice Elementalist began the quest for the
                  | Orb.
     0 | D:1      | Reached XP level 1. HP: 13/13 MP: 3/3
   131 | D:1      | Reached XP level 2. HP: 19/19 MP: 3/5
   626 | D:1      | Reached XP level 3. HP: 13/24 MP: 3/6
  1061 | D:2      | Learned a level 3 spell: Frozen Ramparts
  1375 | D:2      | Found a faded altar of an unknown god.
  1392 | D:2      | Prayed at the altar of an unknown god.
  1392 | D:2      | Became a worshipper of Hepliaklqana the Forgotten
  1392 | D:2      | Reached * piety under Hepliaklqana
  1997 | D:3      | Reached ** piety under Hepliaklqana
  2484 | D:3      | Reached XP level 4. HP: 23/27 MP: 5/7
  2568 | D:3      | Killed from afar by an orc priest

Illustrated notes

Levels and vault maps discovered:
D:1:      dpeg_arrival_orchard, layout_rooms
D:2:      layout_basic, chequers_ecumenical_altar_simple_redux
D:3:      cheibrodos_pilgrimage, layout_loops_corners,
          mainiacjoe_overflow_big_doors

Skill      XL: |  1  2  3 |
---------------+----------+-----
Dodging        | 3 |  3.6
Stealth        | 3 |  3.1
Spellcasting   | |  2.6
Ice Magic      | |  4.9

Action                     |  1- 3 |  4- 6 || total
---------------------------+-------+-------++-------
  Melee: Unarmed           |    18 |       ||    18
         Whip              |    25 |       ||    25
         Dagger            |     5 |       ||     5
         Spear             |    26 |       ||    26
         Falchion          |    13 |     2 ||    15
  Throw: Javelin           |     2 |       ||     2
   Cast: Freeze            |    35 |     7 ||    42
    Use: Scroll            |     3 |       ||     3
   Stab: Sleeping          |     1 |       ||     1
 Armour: Robe              |    16 |       ||    16
         Ring mail         |    16 |     3 ||    19
  Dodge: Dodged            |    97 |     5 ||   102

Table legend: (Time is in decaauts)
 A = Elapsed time spent in this place.
 B = Non-inter-level travel time spent in this place.
 C = Inter-level travel time spent in this place.
 D = Time resting spent in this place.
 E = Time spent auto-exploring this place.
 F = Levels seen in this place.
 G = Mean time per level.
                   A        B        C        D        E       F      G
               +--------+--------+--------+--------+--------+-----+--------+
         Total |   2576 |   2558 |     18 |    559 |   1289 |   3 |  858.7 |
       Dungeon |   2576 |   2558 |     18 |    559 |   1289 |   3 |  858.7 |
               +--------+--------+--------+--------+--------+-----+--------+

Top non-repeatable levels by time:
     D:2: 937 daAuts
     D:1: 925 daAuts
     D:3: 713 daAuts
